 Dungeon Crawl Stone Soup version 0.21.1-1-g345015f (webtiles) character file.

12155 wojtek the Cleaver (level 11, -14/101 HPs)
             Began as a Minotaur Fighter on Apr 9, 2018.
             Was a Priest of Makhleb.
             Killed from afar by a fire giant (37 damage)
             ... with a fireball
             ... on level 10 of the Dungeon.
             The game lasted 00:13:02 (11767 turns).

wojtek the Cleaver (Minotaur Fighter)              Turns: 11767, Time: 00:13:02

Health: -14/101    AC: 16    Str: 26    XL:     11   Next: 58%
Magic:  17/17      EV: 13    Int:  5    God:    Makhleb [***...]
Gold:   585        SH:  0    Dex: 11    Spells: 10/10 levels left

rFire    . . .     SeeInvis .   y - +0 battleaxe
rCold    . . .     Gourm    .   (shield currently unavailable)
rNeg     . . .     Faith    .   u - +0 plate armour
rPois    .         Spirit   .   (helmet restricted)
rElec    .         Reflect  .   w - +0 cloak
rCorr    .         Harm     .   (no gloves)
MR       .....                  (no boots)
Stlth    ..........             (no amulet)
HPRegen  0.26/turn              e - +4 ring of evasion
MPRegen  0.15/turn              I - +3 ring of strength (curse)

@: about to teleport
A: retaliatory headbutt, horns 2
a: Minor Destruction, Lesser Servant of Makhleb, Renounce Religion


You were on level 10 of the Dungeon.
You worshipped Makhleb.
Makhleb was most pleased with you.
You were very hungry.

You visited 2 branches of the dungeon, and saw 11 of its levels.

You collected 585 gold pieces.

Inventory:

Hand Weapons
 a - a +0 war axe
 y - a +0 battleaxe (weapon)
Missiles
 G - a throwing net (quivered)
Armour
 c - a +0 shield
 s - a +2 ring mail of positive energy
 u - a +0 plate armour (worn)
 w - a +0 cloak (worn)
Jewellery
 e - a +4 ring of evasion (left hand)
 p - an uncursed ring of ice
 I - a cursed +3 ring of strength (right hand)
Wands
 v - a wand of iceblast (18)
 D - a wand of paralysis (18)
 F - a wand of scattershot (3)
Scrolls
 b - 3 scrolls of enchant armour {unknown}
 g - 12 scrolls of remove curse {unknown}
 h - 13 scrolls of identify {unknown}
 i - 7 scrolls of teleportation
 j - a scroll of fear {unknown}
 l - 3 scrolls of fog {unknown}
 m - 2 scrolls of random uselessness {unknown}
 q - a scroll of holy word {unknown}
 t - a scroll of enchant weapon {unknown}
 x - a scroll of immolation {unknown}
 C - a scroll of noise {unknown}
 J - a scroll of magic mapping {unknown}
 M - 2 scrolls of amnesia {unknown}
Potions
 d - 3 potions of might
 k - 2 potions of heal wounds {unknown}
 n - 3 potions of mutation {unknown}
 o - 2 potions of berserk rage {unknown}
 r - 3 potions of curing {unknown}
 z - 2 potions of flight {unknown}
 A - 6 potions of degeneration {unknown}
 H - a potion of invisibility {unknown}
 N - a potion of lignification {unknown}
 O - a potion of haste {unknown}
 P - a potion of magic {unknown}
Books
 B - a book of Cantrips

   Spells                             Type                      Level
   a - Confusing Touch                Hexes                        1
   b - Animate Skeleton               Necromancy                   1
   c - Summon Small Mammal            Summoning                    1
   d - Apportation                    Translocation                1
 E - a book of Misfortune

   Spells                             Type                      Level
   a - Confusing Touch                Hexes                        1
   b - Confuse                        Hexes                        3
   c - Gell's Gravitas                Translocation                3
   d - Petrify                        Transmutation/Earth          4
   e - Metabolic Englaciation         Hexes/Ice                    5
   f - Yara's Violent Unravelling     Hexes/Transmutation          5
Comestibles
 f - 16 rations


   Skills:
 + Level 10.4 Fighting
 + Level 11.6 Axes
 + Level 10.4 Armour
 + Level 5.0 Dodging
 - Level 3.6 Shields
 * Level 9.9 Invocations


You had 10 spell levels left.
You didn't know any spells.

Dungeon Overview and Level Annotations

Branches:
Dungeon (10/15)            Temple (1/1) D:6            Lair (0/6) D:9
    Orc (0/2) D:9

Altars:
Ashenzari
Cheibriados
Dithmenos
Elyvilon
Fedhas
Gozag
Hepliaklqana
Kikubaaqudgha
Makhleb
Nemelex Xobeh
Okawaru
Qazlal
Ru
Sif Muna
Trog
Uskayaw
Vehumet
Wu Jian
Xom
Yredelemnul
Zin
The Shining One

Annotations:
D:7 exclusion: oklob plant


Innate Abilities, Weirdness & Mutations

You reflexively headbutt those who attack you in melee.
You have a pair of horns on your head.


Message History

The fire giant closely misses you.
The cyclops throws a large rock.
The large rock hits you!
There is an open door here.
You see here 16 stones.
You barely miss the fire giant.
The fire giant hits you with a great sword of flaming!
The fire giant burns you.
You hit the fire giant. Your headbutt misses the fire giant.
The fire giant is lightly wounded.
The fire giant hits you with a great sword of flaming!
The fire giant burns you.
Okay, then.
As you read the scroll of teleportation, it crumbles to dust.
You feel strangely unstable.
The fire giant points at you and mumbles some strange words.
The fireball explodes!
The fireball engulfs you!
* * * LOW HITPOINT WARNING * * *
The fire giant gestures at you while chanting.
The fireball explodes!
The fireball engulfs you!
You die...

#.....# #..(#...#........ #.....#
#..##...#........ #.....#
#..##..##........
#.....#######(###..#.........
#.....#......##.#..#.........
#.....#...C.##..'.##.........
#.....#...###...#.#..........
####.....##C#####(####......####
#..(.....#.C(..@((.##.......# #
#.######.#.......###........####
#....# #.#....####..............
##..#.###.######.................
#...........# #.................
#.#.#.}#....####..########.......
#.................# #..#####
#..#.#.#..#.......# #..# #
..................# #..# #


You could see a fire giant and a cyclops.

Vanquished Creatures
  Fannar (D:10)
  A hydra (D:10)
  A great orb of eyes (D:10)
  2 two-headed ogres
  Pikel (D:7)
  A cyclops (D:10)
  Joseph (D:7)
  2 centaur zombies (D:10)
  2 trolls
  A spriggan (D:8)
  2 wyverns (D:10)
  8 yaks
  Eustachio (D:6)
  The ghost of appiemonkey the Shield-Bearer, an amateur DsFi (D:4)
  Menkaure (D:6)
  2 wargs (D:8)
  An acid dragon (D:10)
  A water moccasin (D:7)
  6 orc warriors
  3 sky beasts
  A necrophage (D:5)
  4 ogres
  A phantom (D:10)
  An ice beast (D:3)
  3 slaves (D:6)
  A centaur (D:8)
  2 big kobolds
  4 bullfrogs
  3 scorpions
  10 killer bees
  5 wights (D:7)
  A howler monkey (D:6)
  3 crimson imps
  2 jellies
  5 hounds
  8 orc priests
  13 orc wizards
  A bullfrog skeleton (D:4)
  A centaur skeleton (D:5)
  2 iguanas
  3 worker ants
  A hound skeleton (D:4)
  10 gnolls
  9 adders
  A howler monkey skeleton (D:8)
  A shadow imp (D:10)
  4 leopard geckos
  29 orcs
  3 giant cockroaches
  5 goblins
  7 hobgoblins
  7 jackals
  2 quokkas
  A ball python (D:1)
  7 bats
  5 frilled lizards
  15 kobolds
  A leopard gecko skeleton (D:8)
  6 rats
227 creatures vanquished.

Vanquished Creatures (collateral kills)
  A hydra (D:10)
1 creature vanquished.

Vanquished Creatures (others)
  A necrophage (D:7)
  A human (D:3)
  An orc (D:7)
3 creatures vanquished.

Grand Total: 231 creatures vanquished

Notes
Turn   | Place    | Note
-------+----------+-------------------------------------------
     0 | D:1      | wojtek the Minotaur Fighter began the quest for the Orb.
     0 | D:1      | Reached XP level 1. HP: 19/19 MP: 0/0
   110 | D:1      | Reached skill level 3 in Axes
   546 | D:1      | Reached XP level 2. HP: 26/26 MP: 1/1
   892 | D:2      | Reached skill level 4 in Axes
   987 | D:2      | Reached XP level 3. HP: 31/31 MP: 2/2
  1012 | D:2      | Found a shadowy altar of Dithmenos.
  1230 | D:2      | Reached skill level 5 in Axes
  1366 | D:2      | Found a deep blue altar of Sif Muna.
  1621 | D:3      | Noticed an ice beast
  1629 | D:3      | Killed an ice beast
  1629 | D:3      | Reached skill level 6 in Axes
  1629 | D:3      | Reached XP level 4. HP: 20/39 MP: 3/3
  1629 | D:3      | Reached XP level 5. HP: 23/45 MP: 4/4
  1813 | D:3      | Found an ancient bone altar of Kikubaaqudgha.
  1819 | D:3      | Noticed a human
  1819 | D:3      | Killed a human
  2307 | D:4      | Reached skill level 7 in Axes
  2307 | D:4      | Reached XP level 6. HP: 51/52 MP: 5/5
  2567 | D:4      | Noticed appiemonkey's ghost (amateur DsFi)
  2578 | D:4      | Killed appiemonkey's ghost
  2578 | D:4      | Reached skill level 5 in Fighting
  2595 | D:4      | Reached skill level 5 in Armour
  2830 | D:4      | Found a hide-covered altar of Uskayaw.
  2894 | D:4      | Found an ancient bone altar of Kikubaaqudgha.
  2992 | D:5      | Entered Level 5 of the Dungeon
  3050 | D:5      | Reached XP level 7. HP: 57/61 MP: 6/6
  3143 | D:5      | Reached skill level 8 in Axes
  3638 | D:6      | Found a staircase to the Ecumenical Temple.
  3638 | D:6      | Noticed Eustachio
  3703 | D:4      | Found a bloodstained altar of Trog.
  3703 | D:4      | Found a shattered altar of Ashenzari.
  3703 | D:4      | Found a glowing golden altar of the Shining One.
  3792 | D:6      | Killed Eustachio
  3805 | Temple   | Entered the Ecumenical Temple
  3923 | Temple   | Became a worshipper of Makhleb the Destroyer
  4146 | D:5      | Reached skill level 1 in Invocations
  4146 | D:5      | Reached XP level 8. HP: 36/71 MP: 7/7
  4687 | D:6      | Noticed Menkaure
  4691 | D:6      | HP: 3/71 [orc warrior/stone (12)]
  5106 | D:6      | Killed Menkaure
  5258 | D:6      | Reached skill level 9 in Axes
  6151 | D:7      | Noticed Pikel
  6160 | D:7      | Killed Pikel
  6160 | D:7      | Reached skill level 5 in Invocations
  6160 | D:7      | Reached XP level 9. HP: 58/80 MP: 11/11
  6412 | D:7      | Reached * piety under Makhleb
  6491 | D:7      | Noticed an oklob plant
  6728 | D:7      | Found an iron altar of Okawaru.
  7079 | D:7      | Found a stormy altar of Qazlal.
  7194 | D:7      | Noticed Joseph
  7208 | D:7      | Killed Joseph
  7208 | D:7      | Reached skill level 10 in Axes
  7514 | D:7      | Found a white marble altar of Elyvilon.
  7728 | D:8      | Paralysed by a centaur for 4 turns
  7733 | D:8      | Paralysed by a centaur for 6 turns
  7830 | D:8      | Noticed a two-headed ogre
  7841 | D:8      | Killed a two-headed ogre
  7841 | D:8      | Reached XP level 10. HP: 31/90 MP: 14/14
  8346 | D:8      | Reached ** piety under Makhleb
  8752 | D:8      | Reached skill level 1 in Dodging
  8874 | D:9      | Found a staircase to the Lair.
  9767 | D:9      | Noticed an angel
  9768 | D:9      | Found a glowing silver altar of Zin.
  9769 | D:9      | Found a shimmering altar of Xom.
  9960 | D:9      | Found a staircase to the Orcish Mines.
  9983 | D:10     | Entered Level 10 of the Dungeon
 10116 | D:10     | Noticed a two-headed ogre
 10142 | D:10     | Reached *** piety under Makhleb
 10347 | D:10     | Killed a two-headed ogre
 10347 | D:10     | Reached skill level 11 in Axes
 10347 | D:10     | Reached XP level 11. HP: 75/99 MP: 16/16
 10628 | D:10     | Noticed Fannar
 10648 | D:10     | Killed Fannar
 10648 | D:10     | Reached skill level 10 in Fighting
 10648 | D:10     | Reached skill level 10 in Armour
 11045 | D:10     | Noticed a four-headed hydra
 11179 | D:10     | Noticed a four-headed hydra
 11189 | D:10     | Killed a four-headed hydra
 11258 | D:10     | Killed a four-headed hydra
 11567 | D:10     | Noticed a great orb of eyes
 11576 | D:10     | Killed a great orb of eyes
 11576 | D:10     | Reached skill level 5 in Dodging
 11760 | D:10     | Noticed a fire giant
 11767 | D:10     | Killed from afar by a fire giant

Skill      XL: |  1  2  3  4  5  6  7  8  9 10 11 |
---------------+----------------------------------+-----
Axes           | 3 4 6 7 8 9 10 11 | 11.6
Fighting       | 4 5 6 7 8 9 10 | 10.4
Armour         | 4 5 6 7 8 9 10 | 10.4
Invocations    | 1 5 7 8 9 |  9.9
Dodging        | 3 5 |  5.0
Shields        | |  3.6

Action                   |  1- 3 |  4- 6 |  7- 9 | 10-12 || total
-------------------------+-------+-------+-------+-------++-------
Melee: War axe           |    86 |    91 |   145 |       ||   322
       Headbutt          |    10 |    13 |    47 |    47 ||   117
       Battleaxe         |       |       |   120 |   228 ||   348
Invok: Lesser Servant of |       |       |       |     2 ||     2
Evoke: Wand              |       |       |       |     6 ||     6
  Use: Scroll            |       |       |     1 |     1 ||     2
  Eat: Chunk             |     2 |     5 |    12 |    11 ||    30
       Ration            |       |       |     1 |       ||     1
Armor: Scale mail        |    32 |    26 |     6 |       ||    64
       Plate armour      |       |       |   109 |   157 ||   266
Dodge: Dodged            |    21 |    37 |   131 |   161 ||   350
Block: Shield            |    42 |    50 |    65 |       ||   157
